 Dungeon Crawl Stone Soup version 0.23.2-1-ga50397a (webtiles) character file.

Game seed: 8171912671638203806

50356 myga the Blocker (level 14, -2/113 HPs)
             Began as a Barachi Fighter on Apr 14, 2019.
             Was an Elder of Trog.
             Slain by a sun demon (10 damage)
             ... summoned by an orc high priest
             ... on level 2 of the Orcish Mines on Apr 15, 2019.
             The game lasted 02:23:39 (26217 turns).

myga the Blocker (Barachi Fighter)                 Turns: 26217, Time: 02:23:41

Health: -2/113     AC: 19    Str: 17    XL:     14   Next: 54%
Magic:  0/32       EV: 12    Int: 11    God:    Trog [****..]
Gold:   2152       SH: 12    Dex: 13    Spells: 13/13 levels left

rFire    . . .     SeeInvis .   O - +3 falchion (elec)
rCold    + . .     Gourm    .   c - +0 shield
rNeg     . . .     Faith    .   u - +1 chain mail {rC+}
rPois    .         Spirit   +   K - +0 helmet (curse)
rElec    .         Reflect  .   b - +0 cloak
rCorr    .         Harm     .   z - +2 pair of gloves
MR       +++..     Clarity  +   (no boots)
Stlth    ..........             k - amulet of guardian spirit
HPRegen  1.28/turn              a - ring of magical power
MPRegen  0.23/turn              p - ring of magical power

@: lethally poisoned (-2 -> -2), berserk cooldown, regenerating, slowed,
invisible, very slow
A: +LOS, swims, fangs 1, clarity, clumsy 1, slowness 1, strong legs 2
a: Hop, Berserk, Trog's Hand, Brothers in Arms, Renounce Religion


You were on level 2 of the Orcish Mines.
You worshipped Trog.
Trog was greatly pleased with you.
You were not hungry.

You visited 3 branches of the dungeon, and saw 20 of its levels.

You collected 2152 gold pieces.

Inventory:

Hand Weapons
 n - a +0 scimitar
 r - a +4 dagger of holy wrath
 J - the +4 dagger "Darreorr" {drain, rF+ rC+ Int+4 Stlth+}
   (You found it on level 6 of the Dungeon)

   A truly terrible weapon, it drains the life of those it strikes.
   It affects your intelligence (+4).
   It protects you from fire.
   It protects you from cold.
   It makes you more stealthy.
 O - a +3 falchion of electrocution (weapon)
 P - a +8 blowgun
Missiles
 g - 421 stones (quivered)
 j - 6 javelins of penetration
 U - 3 throwing nets
 V - 13 tomahawks
 X - 5 curare-tipped needles
Armour
 b - a +0 cloak (worn)
 c - a +0 shield (worn)
 u - a +1 chain mail of cold resistance (worn)
 z - a +2 pair of gloves (worn)
 A - a +2 ring mail of poison resistance
 K - a cursed +0 helmet (worn)
 N - a +0 plate armour
Jewellery
 a - a ring of magical power (left hand)
 k - an amulet of guardian spirit (around neck)
 p - a ring of magical power (right hand)
 D - an uncursed ring of flight
Wands
 o - a wand of disintegration (66)
 I - a wand of iceblast (5)
 M - a wand of paralysis (27)
 W - a wand of random effects (56)
 Y - a wand of acid (23)
Scrolls
 d - a scroll of torment
 h - 4 scrolls of enchant armour
 m - 10 scrolls of remove curse
 t - 6 scrolls of magic mapping
 v - 4 scrolls of enchant weapon
 w - 9 scrolls of teleportation
 y - 2 scrolls of fear
 E - a scroll of immolation
 F - a scroll of summoning
 H - 3 scrolls of fog
 Q - a scroll of silence
 Z - a scroll of holy word
Potions
 i - 10 potions of curing
 q - 4 potions of mutation
 s - 4 potions of cancellation
 C - 5 potions of brilliance
 G - 3 potions of ambrosia
 L - 3 potions of heal wounds
 S - 2 potions of magic
Miscellaneous
 e - a lightning rod (4/4)
 R - a lamp of fire
Comestibles
 f - 26 rations
 l - 4 chunks of flesh


   Skills:
 + Level 11.6 Fighting
 + Level 11.0(12.0) Short Blades
 + Level 9.1(11.7) Long Blades
 + Level 7.6 Throwing
 + Level 11.0 Armour
 + Level 11.1 Dodging
 + Level 4.8 Stealth
 + Level 12.7 Shields
 + Level 0.5 Evocations


You had 13 spell levels left.
You didn't know any spells.
Your spell library was empty.

Dungeon Overview and Level Annotations

Branches:
Dungeon (12/15)            Temple (0/1) D:5            Lair (6/6) D:10
  Swamp (0/4) Lair:2        Snake (0/4) Lair:4        Slime (0/5) Lair:6
    Orc (2/2) D:10
    Elf: Orc:2

Altars:
Cheibriados
Dithmenos
Elyvilon
Fedhas
Gozag
Hepliaklqana
Makhleb
Nemelex Xobeh
Okawaru
Sif Muna
Trog
Wu Jian
Zin
Jiyva

Shops:
D:8 =   Orc:1 [*(

Portals:
Hell: Lair:6

Annotations:
Lair:2 exclusion: oklob plant


Innate Abilities, Weirdness & Mutations

Shadows flee at your approach. (+LOS)
You can swim through water.
You cover ground slowly.
You can hop long distances.
You have very sharp teeth.
You possess an exceptional clarity of mind.
You are clumsy. (Dex -2)


Message History

The orc throws a tomahawk.
The tomahawk closely misses you.
You hear a howl!
You feel sick.
Found 22 gold pieces.
You are too berserk!
You feel a strong urge to attack something.
You feel sick.
You are no longer berserk.
You are exhausted.
You feel yourself slow down.
You feel sick.
Okay, then.
Okay, then.
You fade into invisibility!
You feel sick. The sun demon hits you!
* * * LOW HITPOINT WARNING * * *
You are engulfed in flames!
* * * LOW HITPOINT WARNING * * *
The orc throws a tomahawk.
You block the orc warrior's attack. The ice devil closely misses you.
The sun demon hits you!
You die...

......................
...............#.....
......#.#......##.#.##
.....#####.#.........## #
..^...#..#.....##.....#.#
.....([[......##.........
.....[.[.......#...#..$..
........................#
..(.............@......#
......#.......o43........
.....###...o[(.4<........
....#........(o....(.....
............†o...........
....#......o.............
.....#...................
.........................
#..#....o#..####..#......


You could see an orc knight, an orc high priest, a sun demon, an orange demon,
an ice devil, 2 orc warriors, an orc priest and an orc.

Vanquished Creatures
  Rupert (D:12)
  Josephine (D:12)
  Harold (D:10)
  4 hydras
  A two-headed ogre (D:12)
  A catoblepas (Lair:6)
  Urug (Lair:6)
  An orc high priest (Orc:2)
  Nergalle (D:10)
  Sonja (Lair:6)
  A sixfirhy (Lair:6)
  A wizard (Lair:6)
  A wolf spider zombie (D:12)
  The ghost of Rwicked the Basher, a novice GrMo of Okawaru (D:8)
  An orc knight (Orc:1)
  A deep elf mage (D:12)
  3 cyclopes
  An ugly thing (D:11)
  An ice statue (D:8)
  Psyche (D:9)
  Joseph (D:7)
  3 black mambas
  8 spiny frogs
  2 torpor snails
  An orange demon (Lair:6)
  6 rime drakes
  4 komodo dragons
  8 ice devils
  A red devil (Lair:6)
  A hellwing (Lair:6)
  3 trolls
  A polar bear (Lair:4)
  A hornet (D:10)
  A merfolk (D:11)
  Prince Ribbit (D:6)
  15 blink frogs
  10 dream sheep
  2 bog bodies (Lair:2)
  10 hippogriffs
  A shadow (D:12)
  6 wraiths
  21 yaks
  Grum (Lair:1)
  6 wyverns
  A hungry ghost (D:11)
  3 wargs
  2 nagas (Lair:4)
  An acid dragon (D:10)
  4 hell hounds (Lair:6)
  18 water moccasins
  Duvessa (D:4)
  7 porcupines
  An eye of draining (D:12)
  10 orc warriors
  2 ice beasts
  A sky beast (D:6)
  A black bear (D:6)
  3 phantoms
  2 necrophages
  8 ogres
  16 wolves
  10 crocodiles
  A centaur (D:9)
  3 big kobolds
  A gnoll sergeant (D:5)
  16 bullfrogs
  A wyvern zombie (D:11)
  Dowan (D:4)
  A wyvern skeleton (D:7)
  4 scorpions
  A killer bee (D:8)
  5 wights (D:7)
  3 crimson imps
  2 centaur zombies
  A bullfrog zombie (D:5)
  A quasit (D:8)
  2 bullfrog skeletons
  A gnoll shaman (D:5)
  6 orc priests
  5 hounds
  2 jellies
  12 orc wizards
  10 iguanas
  11 worker ants
  3 hell rats (Lair:3)
  A hound zombie (D:8)
  A hound skeleton (D:8)
  A worker ant zombie (D:11)
  15 gnolls
  16 adders
  2 river rats (Lair:3)
  A shadow imp (D:11)
  A white imp (D:5)
  7 ufetubi (D:8)
  An ooze (D:2)
  An adder skeleton (D:10)
  3 adder zombies
  A worm (D:2)
  3 dart slugs
  4 leopard geckos
  52 orcs
  6 giant cockroaches
  7 goblins
  7 hobgoblins
  11 jackals
  23 kobolds
  5 quokkas
  13 bats
  3 frilled lizards
  A leopard gecko zombie (D:9)
  20 rats
  2 fungi
531 creatures vanquished.

Vanquished Creatures (collateral kills)
  2 dream sheep (Lair:3)
  An orc warrior (Orc:1)
  A bullfrog (Lair:3)
  An orc wizard (Orc:1)
  3 orcs (Orc:1)
8 creatures vanquished.

Vanquished Creatures (others)
  A blink frog (Lair:6)
  7 fungi
  3 plants
11 creatures vanquished.

Grand Total: 550 creatures vanquished

Notes
Turn   | Place    | Note
-------+----------+-------------------------------------------
     0 | D:1      | myga the Barachi Fighter began the quest for the Orb.
     0 | D:1      | Reached XP level 1. HP: 18/18 MP: 1/1
   130 | D:1      | Reached XP level 2. HP: 24/25 MP: 2/2
   466 | D:1      | Reached XP level 3. HP: 30/30 MP: 3/3
  1222 | D:2      | Found a shadowy altar of Dithmenos.
  1223 | D:2      | Found a deep blue altar of Sif Muna.
  1225 | D:2      | Found a hazy altar of Hepliaklqana.
  1253 | D:2      | Reached XP level 4. HP: 30/37 MP: 4/4
  1259 | D:2      | Reached skill level 4 in Shields
  1459 | D:2      | You fall through a shaft!
  1560 | D:2      | Reached skill level 1 in Dodging
  1807 | D:2      | Reached XP level 5. HP: 42/42 MP: 5/5
  1944 | D:2      | Found a faded altar of an unknown god.
  2069 | D:2      | Found a sparkling altar of Nemelex Xobeh.
  2221 | D:2      | Gained mutation: You are clumsy. (Dex -2) [potion of
                  | mutation]
  2221 | D:2      | Gained mutation: You possess an exceptional clarity of
                  | mind. [potion of mutation]
  2221 | D:2      | Gained mutation: You have very sharp teeth. [potion of
                  | mutation]
  2422 | D:3      | Found a bloodstained altar of Trog.
  2427 | D:3      | Became a worshipper of Trog the Wrathful
  3028 | D:4      | Noticed an ogre
  3258 | D:4      | Noticed Duvessa
  3258 | D:4      | Noticed Dowan
  3287 | D:4      | Killed Duvessa
  3287 | D:4      | Reached XP level 6. HP: 21/50 MP: 6/6
  3303 | D:4      | Killed Dowan
  3303 | D:4      | Reached skill level 5 in Armour
  3605 | D:4      | Noticed an ice beast
  3630 | D:4      | Killed an ice beast
  3630 | D:4      | Reached skill level 5 in Fighting
  3630 | D:4      | Reached skill level 5 in Long Blades
  3630 | D:4      | Reached skill level 1 in Throwing
  3630 | D:4      | Reached XP level 7. HP: 16/56 MP: 6/7
  4102 | D:4      | Reached skill level 5 in Shields
  4472 | D:4      | Reached XP level 8. HP: 16/63 MP: 6/8
  4825 | D:4      | Reached * piety under Trog
  5280 | D:4      | Found a blossoming altar of Fedhas.
  5490 | D:5      | Entered Level 5 of the Dungeon
  5884 | D:5      | Found a staircase to the Ecumenical Temple.
  6192 | D:5      | Reached skill level 6 in Shields
  6466 | D:5      | Found an ornate altar of the Wu Jian Council.
  6763 | D:6      | Reached ** piety under Trog
  7134 | D:6      | Noticed Prince Ribbit
  7146 | D:6      | Reached XP level 9. HP: 36/69 MP: 9/9
  7175 | D:6      | Killed Prince Ribbit
  7223 | D:6      | Got a faintly glowing dagger
  7228 | D:6      | Identified the +4 dagger "Darreorr" {drain, rF+ rC+ Int+4
                  | Stlth+} (You found it on level 6 of the Dungeon)
  7796 | D:6      | Reached skill level 1 in Short Blades
  8079 | D:7      | Reached skill level 1 in Stealth
  8800 | D:7      | Reached skill level 5 in Dodging
  8827 | D:7      | Found a snail-covered altar of Cheibriados.
  8953 | D:7      | Noticed Joseph
  8966 | D:7      | Killed Joseph
  8966 | D:7      | Reached XP level 10. HP: 76/76 MP: 10/10
  9303 | D:8      | Found a runed translucent gate.
  9303 | D:8      | Found a runed translucent gate.
  9304 | D:8      | Found a runed translucent gate.
  9305 | D:8      | Found an opulent altar of Gozag.
  9306 | D:8      | Noticed Rwicked's ghost (novice GrMo)
  9387 | D:8      | Found Fuerin's Jewellery Emporium.
  9490 | D:8      | Noticed an ice statue
  9980 | D:8      | Reached skill level 5 in Throwing
 10048 | D:8      | Reached skill level 5 in Short Blades
 10212 | D:8      | Killed an ice statue
 10304 | D:8      | Reached skill level 7 in Shields
 10489 | D:8      | You fall through a shaft for 3 floors!
 10489 | D:11     | Found an iron altar of Okawaru.
 10510 | D:11     | Reached *** piety under Trog
 10646 | D:11     | Noticed a brown ugly thing
 10660 | D:11     | Killed a brown ugly thing
 10826 | D:11     | Noticed a cyclops
 10839 | D:11     | Killed a cyclops
 10839 | D:11     | Reached XP level 11. HP: 84/84 MP: 11/11
 11259 | D:10     | Entered Level 10 of the Dungeon
 11832 | D:8      | Killed Rwicked's ghost
 12226 | D:9      | Reached **** piety under Trog
 12407 | D:9      | Found a blossoming altar of Fedhas.
 12408 | D:9      | Found a glowing silver altar of Zin.
 12793 | D:9      | Noticed Psyche
 12799 | D:9      | Killed Psyche
 13004 | D:10     | Found a staircase to the Orcish Mines.
 13233 | D:10     | Noticed Harold
 13251 | D:10     | Killed Harold
 13270 | D:10     | Noticed Nergalle
 13275 | D:10     | Noticed a spectral orc warlord
 14567 | D:10     | Killed Nergalle
 14567 | D:10     | Reached skill level 8 in Shields
 15199 | D:10     | Found a staircase to the Lair.
 15557 | D:11     | Reached XP level 12. HP: 82/94 MP: 12/12
 16132 | D:12     | Noticed Josephine
 16150 | D:12     | Killed Josephine
 16247 | D:12     | Noticed Rupert
 16305 | D:12     | Killed Rupert
 16305 | D:12     | Reached skill level 9 in Shields
 16921 | D:12     | Noticed a two-headed ogre
 16937 | D:12     | Killed a two-headed ogre
 17101 | Lair:1   | Entered Level 1 of the Lair of Beasts
 17118 | Lair:1   | Noticed Grum
 17139 | Lair:1   | Killed Grum
 17259 | Lair:1   | Got a translucent emerald amulet
 17287 | Lair:1   | Identified the amulet of Agylif {RegenMP rElec rN+ Dex-3}
                  | (You found it on level 1 of the Lair of Beasts)
 17748 | Lair:1   | Found a white marble altar of Elyvilon.
 17958 | Lair:2   | Reached skill level 10 in Fighting
 17963 | Lair:2   | Reached skill level 10 in Short Blades
 17963 | Lair:2   | Reached skill level 10 in Armour
 18141 | Lair:2   | Found a staircase to the Swamp.
 18159 | Lair:2   | Gained mutation: You can hop long distances. [Barachi
                  | growth]
 18159 | Lair:2   | Reached XP level 13. HP: 99/103 MP: 13/13
 18711 | Lair:2   | Reached ***** piety under Trog
 19241 | Lair:3   | Reached skill level 10 in Shields
 19581 | Lair:3   | Received a gift from Trog
 20568 | Lair:4   | Found a staircase to the Snake Pit.
 20842 | Lair:4   | Reached skill level 11 in Shields
 22370 | Lair:6   | Entered Level 6 of the Lair of Beasts
 22406 | Lair:6   | Reached skill level 10 in Dodging
 22505 | Lair:6   | Paralysed by fainting for 6 turns
 22588 | Lair:6   | Noticed Urug
 22617 | Lair:6   | Paralysed by Urug for 6 turns
 22630 | Lair:6   | Killed Urug
 22999 | Lair:6   | Found a staircase to the Slime Pits.
 23001 | Lair:6   | Found a viscous altar of Jiyva.
 23040 | Lair:6   | Reached XP level 14. HP: 113/113 MP: 14/14
 23217 | Lair:6   | Noticed Sonja
 23296 | Lair:6   | Reached skill level 12 in Shields
 23553 | Lair:6   | Killed Sonja
 24389 | Lair:6   | Found a burning altar of Makhleb.
 24945 | Lair:6   | Found a gateway to Hell.
 25421 | Orc:1    | Entered Level 1 of the Orcish Mines
 25421 | Orc:1    | Found Gassyney's Assorted Antiques.
 25421 | Orc:1    | Found Buowuit's Armour Shop.
 25532 | Orc:1    | Found Emmaiteq's Antique Weapon Shoppe.
 25787 | Orc:2    | Entered Level 2 of the Orcish Mines
 26217 | Orc:2    | Slain by a sun demon

Skill      XL: |  1  2  3  4  5  6  7  8  9 10 11 12 13 14 |
---------------+-------------------------------------------+-----
Armour         | 4 5 6 7 8 10 11 | 11.0
Fighting       | 4 5 6 7 8 10 11 | 11.6
Long Blades    | 3 4 5 6 8 9 |  9.1
Shields        | 4 5 6 7 8 9 11 12 | 12.7
Dodging        | 1 3 4 5 6 8 9 10 11 | 11.1
Throwing       | 1 3 5 6 7 |  7.6
Short Blades   | 3 6 8 10 11 | 11.0
Stealth        | 1 2 3 4 |  4.8
Evocations     | |  0.5

Action                   |  1- 3 |  4- 6 |  7- 9 | 10-12 | 13-15 || total
-------------------------+-------+-------+-------+-------+-------++-------
Melee: Long sword        |   108 |   195 |   419 |       |       ||   722
       Bite              |       |     5 |    61 |   168 |   176 ||   410
       Rapier            |       |       |     3 |       |       ||     3
       Dagger            |       |       |   150 |  1282 |  1391 ||  2823
       Falchion          |       |       |       |    50 |    30 ||    80
Throw: Stone             |     4 |    42 |   115 |   205 |    58 ||   424
       Throwing net      |       |     1 |       |     1 |       ||     2
       Tomahawk          |       |       |     5 |    18 |    18 ||    41
       Javelin           |       |       |       |       |     3 ||     3
Invok: Berserk           |       |       |     8 |    18 |    14 ||    40
       Trog's Hand       |       |       |     1 |     1 |     2 ||     4
       Brothers in Arms  |       |       |       |       |     3 ||     3
 Abil: Hop               |       |       |     3 |       |     2 ||     5
Evoke: Wand              |       |       |       |     5 |    11 ||    16
  Use: Potion            |       |     2 |     4 |     8 |     5 ||    19
       Scroll            |       |     1 |     2 |    11 |     5 ||    19
 Stab: Sleeping          |       |       |       |    11 |     6 ||    17
       Distracted        |       |       |       |       |     1 ||     1
       Invisible         |       |       |       |       |     1 ||     1
  Eat: Chunk             |     2 |     8 |    24 |    34 |    24 ||    92
       Ration            |       |       |     1 |     5 |     6 ||    12
Armor: Scale mail        |    18 |       |       |       |       ||    18
       Chain mail        |    48 |    99 |       |    27 |   109 ||   283
       Ring mail         |       |     4 |   145 |   210 |   174 ||   533
       Skin              |       |       |       |    10 |    90 ||   100
Dodge: Dodged            |    19 |    57 |   172 |   415 |   449 ||  1112
Block: Shield            |    61 |   110 |   130 |   245 |   635 ||  1181
       Buckler           |       |       |    45 |   104 |       ||   149
       Rpst.: Long sword |     3 |    16 |    45 |       |       ||    64
       Falchion          |       |       |       |    13 |     3 ||    16
